[Event "Titled Tuesday Blitz July 4 Early 2023"]
[White "Tanaka, Taira Tyler"]
[Black "Silva, Pedro Gil Ferreira Da"]
[WhiteFideId "7002351"]
[BlackFideId "1946102"]
[WhiteElo "2581"]
[BlackElo "2364"]
[Result "1-0"]
[Round "3"]
[TimeControl "180+2"]
[Date "2023.07.04"]
[WhiteClock "0:00:29"]
[BlackClock "0:00:09"]
[Board "176"]

1. c4 c5 2. Nf3 Nc6 3. Nc3 g6 4. d4 cxd4 5. Nxd4 Bg7 6. Nc2 Nf6 7. g3 O-O 8. Bg2 d6 9. O-O Bd7 10. Ne3 a6 11. Rb1 Rc8 12. b3 Qa5 13. Bd2 Qh5 14. Ncd5 Nxd5 15. Nxd5 e6 16. Nf4 Qe5 17. Rc1 Rfd8 18. Bc3 Qc5 19. Bxg7 Kxg7 20. Qd2 Be8 21. Rfd1 a5 22. h4 h6 23. e3 b5 24. Qb2+ Kh7 25. h5 g5 26. Be4+ Kg8 27. Nd3 Qb6 28. Qf6 bxc4 29. bxc4 d5 30. cxd5 exd5 31. Bf5 Rb8 32. Qxh6 Ne7 33. Qxg5+ Kf8 34. h6 Nxf5 35. h7 1-0


[Site "https://www.chess.com"]

[Event "Titled Tuesday Blitz July 4 Early 2023"]
[White "Bashirli, Saadat"]
[Black "Bilan, Danila"]
[WhiteFideId "13429990"]
[BlackFideId "24161918"]
[WhiteElo "2350"]
[BlackElo "2535"]
[Result "0-1"]
[Round "3"]
[TimeControl "180+2"]
[Date "2023.07.04"]
[WhiteClock "0:00:12"]
[BlackClock "0:00:10"]
[Board "177"]

1. d4 d5 2. e3 c5 3. c3 Qc7 4. f4 Nf6 5. Bd3 g6 6. Nf3 Bg7 7. O-O O-O 8. Nbd2 cxd4 9. cxd4 Nc6 10. a3 Bf5 11. Qe2 Rac8 12. b4 Nb8 13. Bb2 Bxd3 14. Qxd3 Qc2 15. Qxc2 Rxc2 16. Rab1 Nbd7 17. h3 Rfc8 18. Rfc1 Nb6 19. Nb3 Na4 20. Ba1 b6 21. Ne1 Rxc1 22. Rxc1 Rxc1 23. Nxc1 Ne4 24. Ned3 Kf8 25. Nb3 Ke8 26. Nf2 Nd6 27. Nd2 Kd7 28. Nd1 Kc6 29. Kf2 Kb5 30. Bb2 Nc4 31. Bc1 Nxd2 32. Bxd2 Kc4 33. Ke2 Kb3 34. Bc1 Kc2 35. Bd2 e6 36. g4 Bf8 37. h4 Be7 38. h5 gxh5 39. gxh5 f5 40. Ke1 Nb2 41. Nxb2 Kxb2 42. a4 Kb3 43. a5 Bxb4 44. Bxb4 Kxb4 45. axb6 axb6 46. Kf2 Kc3 47. Kg3 h6 48. Kh4 Kd3 49. Kg3 Kxe3 50. Kh4 Kxf4 51. Kh3 b5 52. Kh4 b4 53. Kh3 b3 54. Kh4 b2 55. Kh3 b1=Q 56. Kh4 Qh1# 0-1


[Site "https://www.chess.com"]

[Event "Titled Tuesday Blitz July 4 Early 2023"]
[White "Fonseca Manrique, Enrique"]
[Black "Rodriguez Polo, Mateo"]
[WhiteFideId "5114330"]
[BlackFideId "24509396"]
[WhiteElo "2532"]
[BlackElo "2334"]
[Result "1-0"]
[Round "3"]
[TimeControl "180+2"]
[Date "2023.07.04"]
[WhiteClock "0:01:22"]
[BlackClock "0:00:35"]
[Board "178"]

1. e4 e6 2. d4 d5 3. Nc3 Nf6 4. Bg5 Bb4 5. e5 h6 6. Bd2 Bxc3 7. bxc3 Ne4 8. Bc1 c5 9. Qg4 g6 10. Bd3 h5 11. Qf4 Nc6 12. Nf3 cxd4 13. cxd4 Qa5+ 14. Kf1 Qc3 15. Rb1 Nxd4 16. Bb2 Qb4 17. Nxd4 Nc3 18. Qd2 Nxa2 19. c3 Qa4 20. Bb5+ 1-0


[Site "https://www.chess.com"]

[Event "Titled Tuesday Blitz July 4 Early 2023"]
[White "Skuhala, Barbara"]
[Black "Vyatkin, Dmitry"]
[WhiteFideId "14605465"]
[BlackFideId "4171900"]
[WhiteElo "2297"]
[BlackElo "2527"]
[Result "0-1"]
[Round "3"]
[TimeControl "180+2"]
[Date "2023.07.04"]
[WhiteClock "0:00:03"]
[BlackClock "0:00:20"]
[Board "179"]

1. e4 e6 2. d4 d5 3. Nc3 Nf6 4. Bg5 Be7 5. e5 Nfd7 6. Bxe7 Qxe7 7. f4 a6 8. Nf3 c5 9. Qd2 Nc6 10. O-O-O b5 11. dxc5 Qxc5 12. Ne2 O-O 13. Ned4 Nb6 14. Nxc6 Qxc6 15. Nd4 Qc5 16. g4 Bb7 17. f5 Nc4 18. Bxc4 dxc4 19. f6 Rfd8 20. Qg5 Qf8 21. Rhf1 h6 22. Qe3 g6 23. h4 Rac8 24. Nf3 c3 25. Rxd8 cxb2+ 26. Kb1 Rxd8 27. Nd2 Kh7 28. Ne4 Bxe4 29. Qxe4 Rd7 30. h5 Qg8 31. Qc6 Rd5 32. Qb7 Rxe5 33. hxg6+ Qxg6 34. Qxa6 Rc5 35. Rf2 Qxg4 36. Rd2 Qf4 37. Qa7 Kg6 38. Rg2+ Rg5 39. Rf2 Rg1+ 0-1


[Site "https://www.chess.com"]

[Event "Titled Tuesday Blitz July 4 Early 2023"]
[White "Kostiukov, Alexandr"]
[Black "Ronka, Erik"]
[WhiteFideId "14108100"]
[BlackFideId "505080"]
[WhiteElo "2290"]
[BlackElo "2513"]
[Result "1/2-1/2"]
[Round "3"]
[TimeControl "180+2"]
[Date "2023.07.04"]
[WhiteClock "0:00:19"]
[BlackClock "0:00:04"]
[Board "180"]

1. g3 d5 2. Bg2 c6 3. d3 Nf6 4. e4 dxe4 5. dxe4 Qxd1+ 6. Kxd1 e5 7. f3 Nbd7 8. Be3 Bc5 9. Ke2 Ke7 10. Nd2 Ne8 11. a4 Nd6 12. Nh3 a5 13. Nf2 b5 14. Nd3 Bxe3 15. Kxe3 Nb6 16. axb5 cxb5 17. Nxe5 f6 18. Nc6+ Kd7 19. Nxa5 Rxa5 20. Rxa5 Nbc4+ 21. Nxc4 Nxc4+ 22. Kd4 Nxa5 23. Kc5 Nc4 24. Ra1 Kc7 25. Ra7+ Bb7 26. b3 Ne3 27. Bh3 Nxc2 28. Be6 Ra8 29. Rxb7+ Kxb7 30. Bd5+ Kb8 31. Bxa8 Kxa8 32. f4 Kb7 33. Kxb5 Nd4+ 34. Kc4 Nf3 35. Kd5 Nxh2 36. e5 fxe5 37. Kxe5 Nf1 38. g4 Ne3 39. g5 Ng4+ 40. Kf5 Ne3+ 41. Ke6 g6 42. Kf7 Nf5 43. Kg8 Nh4 44. Kxh7 Kb6 45. Kg7 Kb5 46. Kf6 Kb4 47. f5 gxf5 48. g6 Nxg6 49. Kxf5 Kxb3 1/2-1/2


[Site "https://www.chess.com"]

[Event "Titled Tuesday Blitz July 4 Early 2023"]
[White "Lehtosaari, Mauri"]
[Black "SicilianPanzer"]
[WhiteFideId "501999"]
[WhiteElo "2511"]
[BlackElo "2251"]
[Result "1-0"]
[Round "3"]
[TimeControl "180+2"]
[Date "2023.07.04"]
[WhiteClock "0:01:23"]
[BlackClock "0:00:37"]
[Board "181"]

1. d4 Nf6 2. Nf3 e6 3. Bg5 d5 4. Nbd2 c5 5. e3 Nc6 6. c3 Be7 7. Bd3 O-O 8. O-O b6 9. Ne5 Nxe5 10. dxe5 Nd7 11. Bxe7 Qxe7 12. f4 Rd8 13. Qh5 Nf8 14. Rf3 a5 15. Bxh7+ Nxh7 16. Rh3 Kf8 17. Qxh7 Ke8 18. Qxg7 Ba6 19. Nf3 Bd3 20. Qf6 1-0


[Site "https://www.chess.com"]

[Event "Titled Tuesday Blitz July 4 Early 2023"]
[White "Putri, Regita Desyari"]
[Black "Korkmaz, Necmettin"]
[WhiteFideId "7109083"]
[BlackFideId "6303285"]
[WhiteElo "2250"]
[BlackElo "2506"]
[Result "0-1"]
[Round "3"]
[TimeControl "180+2"]
[Date "2023.07.04"]
[WhiteClock "0:00:14"]
[BlackClock "0:02:02"]
[Board "182"]

1. d4 d5 2. c4 c6 3. Nf3 Nf6 4. Nc3 e6 5. cxd5 exd5 6. Bg5 Bb4 7. e3 O-O 8. Bd3 Re8 9. O-O Bxc3 10. bxc3 Bg4 11. h3 Bh5 12. Be2 Nbd7 13. Rb1 b5 14. a4 a6 15. axb5 axb5 16. Bxf6 Nxf6 17. Ne5 Bxe2 18. Qxe2 Qc7 19. Ra1 Ne4 20. Qb2 Nd6 21. Qb4 f6 22. Nd3 Reb8 23. Nc5 Qc8 24. Na6 Rb6 25. Qxd6 Rbxa6 26. Rxa6 Rxa6 27. Re1 Qa8 28. Kh2 Ra2 29. Kg3 Qe8 30. f3 Qg6+ 0-1


[Site "https://www.chess.com"]

[Event "Titled Tuesday Blitz July 4 Early 2023"]
[White "Andreassen, Lars"]
[Black "Devaev, Alexander"]
[WhiteFideId "1504878"]
[BlackFideId "4169395"]
[WhiteElo "2226"]
[BlackElo "2495"]
[Result "1-0"]
[Round "3"]
[TimeControl "180+2"]
[Date "2023.07.04"]
[WhiteClock "0:00:28"]
[BlackClock "0:00:00"]
[Board "183"]

1. d4 Nf6 2. Nf3 e6 3. Bg5 c5 4. e3 Qb6 5. Nbd2 Qxb2 6. Bd3 cxd4 7. exd4 Qb6 8. O-O Be7 9. c4 O-O 10. Rb1 Qc7 11. Re1 d6 12. Ne4 Nbd7 13. Qe2 Re8 14. Rbc1 Nxe4 15. Qxe4 Nf8 16. Bd2 Bd7 17. h4 Bc6 18. d5 Bd7 19. Ng5 Bxg5 20. hxg5 exd5 21. Qxd5 Bc6 22. Qf5 Ng6 23. g3 Rxe1+ 24. Rxe1 Re8 25. Rxe8+ Bxe8 26. f4 Bc6 27. Kf2 Qb6+ 28. Be3 Qb2+ 29. Be2 a6 30. Qc8+ Nf8 31. Qc7 Qxa2 32. Qxd6 Ne6 33. Qb8+ Nf8 34. Bc5 h6 35. Qxf8+ Kh7 36. Qxf7 Qc2 37. f5 hxg5 38. Qg6+ Kh8 39. Bd4 1-0


[Site "https://www.chess.com"]

[Event "Titled Tuesday Blitz July 4 Early 2023"]
[White "Tagliata"]
[Black "Shapiro, Viktor"]
[BlackFideId "4175700"]
[WhiteElo "2156"]
[BlackElo "2493"]
[Result "1-0"]
[Round "3"]
[TimeControl "180+2"]
[Date "2023.07.04"]
[WhiteClock "0:00:22"]
[BlackClock "0:00:09"]
[Board "184"]

1. e4 c5 2. Nf3 d6 3. d4 cxd4 4. Nxd4 Nf6 5. Nc3 a6 6. Be2 e5 7. Nb3 Be6 8. Be3 Nbd7 9. f4 Qc7 10. Nd5 Bxd5 11. exd5 Rc8 12. c4 Be7 13. O-O O-O 14. Rc1 b6 15. fxe5 dxe5 16. Nd2 Bc5 17. Bxc5 Qxc5+ 18. Kh1 e4 19. a3 a5 20. Rc3 Rfe8 21. Nb3 Qd6 22. Qd4 Qe5 23. Qxe5 Rxe5 24. Nd4 g6 25. Nb5 Ne8 26. Nd4 Nd6 27. Nc6 Ree8 28. b4 axb4 29. axb4 Ne5 30. c5 bxc5 31. bxc5 Nf5 32. Nxe5 Rxe5 33. Ba6 Rc7 34. Rd1 Kf8 35. d6 Rd7 36. Bc8 Rd8 37. d7 Ne7 38. c6 Rd5 39. Rxd5 Nxd5 40. c7 Nxc7 41. Rxc7 Ke7 42. Rc4 f5 43. Kg1 Kd6 44. Kf2 Ke5 45. g3 g5 46. Ra4 f4 47. Ra5+ Kf6 48. Ke2 h6 49. Rb5 e3 50. Kf3 fxg3 51. hxg3 h5 52. Kxe3 h4 53. gxh4 gxh4 54. Rh5 Ke7 55. Rxh4 Kd6 56. Re4 Kc7 57. Rc4+ 1-0


[Site "https://www.chess.com"]

[Event "Titled Tuesday Blitz July 4 Early 2023"]
[White "Marin Masis, Jose Esteban"]
[Black "Heinemann, Josefine"]
[WhiteFideId "6508146"]
[BlackFideId "12900460"]
[WhiteElo "2112"]
[BlackElo "2455"]
[Result "0-1"]
[Round "3"]
[TimeControl "180+2"]
[Date "2023.07.04"]
[WhiteClock "0:00:13"]
[BlackClock "0:00:12"]
[Board "185"]

1. e4 c6 2. d4 d5 3. exd5 cxd5 4. c4 Nf6 5. Nf3 Nc6 6. Nc3 Bg4 7. Be2 dxc4 8. O-O e6 9. Bxc4 Bxf3 10. Qxf3 Qxd4 11. Bb5 Qb6 12. Be3 Qc7 13. Rac1 Be7 14. Bf4 Qc8 15. Bxc6+ Qxc6 16. Qxc6+ bxc6 17. Na4 Rc8 18. Be3 O-O 19. b3 a6 20. Nb6 Rc7 21. Bf4 Rb7 22. Rxc6 h6 23. Na4 Nd5 24. Bd6 Bxd6 25. Rxd6 a5 26. Ra6 Rb5 27. h3 Nb4 28. Nc3 Re5 29. Ra7 Rc8 30. Na4 Nxa2 31. Nb6 Rd8 32. Nc4 Rb5 33. Rxa5 Rxa5 34. Nxa5 Rb8 35. Ra1 Nc3 36. Rc1 Nd5 37. Rb1 Nc3 38. Rb2 e5 39. b4 e4 40. Nc6 Rb6 41. Nd4 Rd6 42. Nf5 Rd1+ 43. Kh2 Nb5 44. Ne3 Rd3 45. Ng4 h5 46. Ne3 g6 47. Kg1 f5 48. Kh2 f4 49. Nc4 Kg7 50. Ne5 Rd1 51. Nc4 Kf6 52. Nd2 Kf5 53. Nc4 g5 54. Na5 g4 55. hxg4+ hxg4 56. Rc2 Nd4 57. Rc5+ Kf6 58. b5 Ne2 59. b6 Rb1 60. b7 g3+ 61. fxg3 Nxg3 62. Rc6+ Kg5 63. Rc8 Rh1# 0-1


[Site "https://www.chess.com"]

[Event "Titled Tuesday Blitz July 4 Early 2023"]
[White "Itkis, Boris"]
[Black "Ho, In Hei Henry"]
[WhiteFideId "1209167"]
[BlackFideId "6002552"]
[WhiteElo "2435"]
[BlackElo "2075"]
[Result "1-0"]
[Round "3"]
[TimeControl "180+2"]
[Date "2023.07.04"]
[WhiteClock "0:00:10"]
[BlackClock "0:00:14"]
[Board "186"]

1. c4 c5 2. Nf3 g6 3. d4 cxd4 4. Nxd4 Bg7 5. e4 Nc6 6. Nc2 d6 7. Be2 Nf6 8. Nc3 O-O 9. O-O b6 10. Be3 Bb7 11. f3 Rc8 12. Na3 Ne5 13. Qd2 a6 14. Rac1 Ned7 15. Rfd1 Qc7 16. Bd4 Rfd8 17. Nd5 Bxd5 18. cxd5 Qb7 19. b4 b5 20. Nc2 Nb6 21. Ne3 Nfd7 22. Bxg7 Kxg7 23. Qd4+ Kg8 24. f4 Rxc1 25. Rxc1 Rc8 26. Rxc8+ Qxc8 27. e5 Na4 28. e6 fxe6 29. dxe6 Nf6 30. f5 gxf5 31. Nxf5 Qxe6 32. Ne3 Qxa2 33. Bf3 Nc3 34. Qxc3 d5 35. Qc8+ Kf7 36. Qf5 Qd2 37. Nf1 Qd4+ 38. Kh1 Qa1 39. Bxd5+ Ke8 40. Qc8# 1-0


[Site "https://www.chess.com"]

[Event "Titled Tuesday Blitz July 4 Early 2023"]
[White "campochess"]
[Black "Mikhailovsky, Vladimir"]
[BlackFideId "34105414"]
[WhiteElo "2133"]
[BlackElo "2808"]
[Result "0-1"]
[Round "3"]
[TimeControl "180+2"]
[Date "2023.07.04"]
[WhiteClock "0:01:17"]
[BlackClock "0:00:08"]
[Board "187"]

1. d4 d5 2. Bg5 c5 3. dxc5 Nf6 4. Nf3 Nc6 5. g3 e5 6. Bxf6 gxf6 7. Bg2 Bxc5 8. O-O Be6 9. Nbd2 Qe7 10. Nb3 Bb6 11. Nfd2 O-O-O 12. Qc1 h5 13. c4 h4 14. cxd5 Bxd5 15. e4 Be6 16. Nc4 hxg3 17. Nxb6+ axb6 18. hxg3 Kb8 19. Qe3 Ka7 20. Rfd1 Qf8 21. a4 Qb4 22. Rxd8 Rxd8 23. Ra3 Rd1+ 24. Kh2 Qf8 25. g4 Nd4 26. a5 Bxb3 27. axb6+ Kb8 28. Qc3 Qh6+ 29. Kg3 Ne2+ 0-1


[Site "https://www.chess.com"]

[Event "Titled Tuesday Blitz July 4 Early 2023"]
[White "Hambleton, Aman"]
[Black "Cardozo Munar, Carlos Eduardo"]
[WhiteFideId "2606577"]
[BlackFideId "4409477"]
[WhiteElo "2773"]
[BlackElo "2323"]
[Result "1-0"]
[Round "3"]
[TimeControl "180+2"]
[Date "2023.07.04"]
[WhiteClock "0:00:16"]
[BlackClock "0:00:00"]
[Board "188"]

1. d4 d5 2. Bf4 e6 3. e3 Bd6 4. Nd2 Bxf4 5. exf4 Nf6 6. Ngf3 c5 7. c3 Nc6 8. dxc5 d4 9. cxd4 Nxd4 10. Qa4+ Nc6 11. Bb5 Bd7 12. O-O a6 13. Be2 O-O 14. a3 Nd5 15. g3 Re8 16. Qc2 e5 17. fxe5 Nxe5 18. Nxe5 Rxe5 19. Nc4 Re6 20. Bf3 Bc6 21. Rad1 Qg5 22. h4 Qe7 23. Bxd5 Re2 24. Qc3 1-0


[Site "https://www.chess.com"]

[Event "Titled Tuesday Blitz July 4 Early 2023"]
[White "Rozhkov, Viacheslav"]
[Black "realmadridfc123"]
[WhiteFideId "4181484"]
[WhiteElo "2321"]
[BlackElo "2752"]
[Result "0-1"]
[Round "3"]
[TimeControl "180+2"]
[Date "2023.07.04"]
[WhiteClock "0:00:00"]
[BlackClock "0:00:25"]
[Board "189"]

1. e4 c6 2. d3 d5 3. Nd2 Nd7 4. Ngf3 e5 5. d4 exd4 6. exd5 cxd5 7. Nxd4 Ngf6 8. Nf5 Ne5 9. Bb5+ Bd7 10. Qe2 Qc7 11. O-O Bc5 12. Bxd7+ Nxd7 13. Nxg7+ Kf8 14. Nf5 Rg8 15. Nf3 Rg6 16. Bf4 Re8 17. Rae1 f6 18. Nxe5 fxe5 19. Bg3 Qc6 20. Qh5 Qf6 21. Ne3 Qf7 22. Ng4 e4 23. c3 Qg7 24. Ne3 Nf6 25. Qf5 Rg5 26. Qf4 Kg8 27. b4 Nh5 28. Qc7 Nxg3 29. Qxg7+ Kxg7 30. hxg3 Be7 31. Rd1 Rd8 32. Rd2 Bf6 33. Rc1 Kf7 34. Kf1 Ke6 35. Ke2 Rc8 36. c4 d4 37. Nd5 Bg7 38. Re1 Rxc4 39. Nf4+ Kf7 40. Kf1 d3 41. a3 a5 42. bxa5 Rxa5 43. Re3 Rc1+ 44. Re1 Rxe1+ 45. Kxe1 Bc3 46. Kd1 Rxa3 0-1


[Site "https://www.chess.com"]

[Event "Titled Tuesday Blitz July 4 Early 2023"]
[White "Shapiro, Daniel"]
[Black "Cugimura97"]
[WhiteFideId "2001780"]
[WhiteElo "2320"]
[BlackElo "2686"]
[Result "0-1"]
[Round "3"]
[TimeControl "180+2"]
[Date "2023.07.04"]
[WhiteClock "0:00:06"]
[BlackClock "0:01:39"]
[Board "190"]

1. d4 Nf6 2. c4 g6 3. Nc3 Bg7 4. e4 d6 5. Be2 O-O 6. Nf3 Nc6 7. O-O e5 8. d5 Ne7 9. a4 a5 10. Ne1 Nd7 11. b3 f5 12. f3 h6 13. Nd3 b6 14. Ba3 Kh7 15. b4 axb4 16. Bxb4 h5 17. a5 Ba6 18. Nb5 Bh6 19. Bd2 Bxb5 20. cxb5 fxe4 21. fxe4 Rxf1+ 22. Bxf1 bxa5 23. Bxh6 Kxh6 24. Qd2+ Kg7 25. Rxa5 Rxa5 26. Qxa5 Qb8 27. Nb4 Nf6 28. Bd3 Kf7 29. Na6 Qa7+ 30. Kf1 Qe3 31. Qc3 Ng4 0-1


[Site "https://www.chess.com"]

[Event "Titled Tuesday Blitz July 4 Early 2023"]
[White "Le Ruyet, Leopold"]
[Black "Wang, Alexander J"]
[WhiteFideId "645923"]
[BlackFideId "30955270"]
[WhiteElo "2627"]
[BlackElo "2315"]
[Result "1-0"]
[Round "3"]
[TimeControl "180+2"]
[Date "2023.07.04"]
[WhiteClock "0:01:46"]
[BlackClock "0:01:08"]
[Board "191"]

1. e4 c5 2. Nf3 d6 3. d4 cxd4 4. Nxd4 Nf6 5. Nc3 g6 6. Be3 Bg7 7. f3 O-O 8. Qd2 Nc6 9. O-O-O d5 10. exd5 Nxd5 11. Nxc6 bxc6 12. Bd4 Bxd4 13. Qxd4 Qb6 14. Na4 Qc7 15. Bc4 Rd8 16. Bb3 Bf5 17. g4 Nf4 18. Qe3 Be6 19. h4 Bxb3 20. axb3 Nd5 21. Qe4 Qf4+ 22. Qxf4 Nxf4 23. Rhe1 e6 24. Re4 Nd5 25. Red4 Kf8 26. c4 e5 27. R4d2 Rac8 28. cxd5 cxd5+ 29. Rc2 d4 30. Rxc8 Rxc8+ 31. Kd2 f5 32. Re1 Re8 33. gxf5 gxf5 34. Nc5 Kf7 35. Kd3 Rc8 36. Kc4 Kf6 37. Kd5 Rd8+ 38. Kc6 d3 39. Rd1 e4 40. fxe4 fxe4 41. Nxe4+ Ke5 42. Nc5 d2 43. Nd7+ Ke6 44. Rxd2 Rc8+ 45. Kb7 Rc1 46. Kxa7 Rh1 47. b4 Rxh4 48. b5 Ra4+ 49. Kb7 h5 50. Nc5+ Kf5 51. Nxa4 h4 52. b6 h3 53. Kc7 h2 54. Rxh2 Kg4 55. b7 Kg5 56. Rf2 Kg4 57. b8=Q Kg3 58. Qf8 Kg4 59. Qf4+ Kh5 60. Rh2+ Kg6 61. Rh6+ Kg7 62. Qf6+ Kg8 63. Rh8# 1-0


[Site "https://www.chess.com"]

[Event "Titled Tuesday Blitz July 4 Early 2023"]
[White "Lopez Del Alamo, Antonio"]
[Black "Kononenko, Dmitry"]
[WhiteFideId "2227339"]
[BlackFideId "14113538"]
[WhiteElo "2313"]
[BlackElo "2605"]
[Result "0-1"]
[Round "3"]
[TimeControl "180+2"]
[Date "2023.07.04"]
[WhiteClock "0:00:58"]
[BlackClock "0:01:34"]
[Board "192"]

1. e4 d5 2. exd5 Qxd5 3. Nc3 Qa5 4. d4 Nf6 5. Nf3 Bg4 6. h3 Bh5 7. g4 Bg6 8. b4 Qxb4 9. Bd2 Qd6 10. Rb1 b6 11. Nb5 Qd8 12. Ne5 Be4 13. f3 Bb7 14. c4 e6 15. Bf4 Bd6 16. Nxd6+ cxd6 17. Nd3 O-O 18. Be2 Qe7 19. h4 Nc6 20. Nf2 e5 21. dxe5 dxe5 22. Be3 Rfd8 23. Qc1 Nd4 24. Bxd4 exd4 25. Kf1 d3 26. Bd1 d2 27. Qc3 Rac8 28. h5 Nd5 29. Qb2 Nf4 30. h6 Qe1# 0-1


[Site "https://www.chess.com"]

[Event "Titled Tuesday Blitz July 4 Early 2023"]
[White "Coelho, Ramyres Santana"]
[Black "Sadykov, Ramil"]
[WhiteFideId "2120690"]
[BlackFideId "24113590"]
[WhiteElo "2311"]
[BlackElo "2605"]
[Result "0-1"]
[Round "3"]
[TimeControl "180+2"]
[Date "2023.07.04"]
[WhiteClock "0:00:01"]
[BlackClock "0:01:19"]
[Board "193"]

1. e4 c5 2. Nf3 Nc6 3. d4 cxd4 4. c3 dxc3 5. Nxc3 e6 6. Bc4 Bb4 7. O-O Nge7 8. a3 Bxc3 9. bxc3 d5 10. exd5 exd5 11. Bd3 O-O 12. Ng5 Bf5 13. Bxf5 Nxf5 14. Qh5 h6 15. Nh3 Qf6 16. Bd2 Ne5 17. f4 Nc4 18. Be1 Nfe3 19. Rf3 Rfe8 20. g4 Nc2 21. g5 Qg6 22. Qxg6 fxg6 23. Rd1 Rxe1+ 24. Rxe1 Nxe1 25. Rf1 Nc2 26. gxh6 gxh6 27. f5 g5 28. Nf2 N4e3 29. Rc1 Rc8 30. Nd3 Rxc3 31. Ne5 d4 32. f6 d3 33. f7+ Kg7 34. Rb1 b6 35. h4 d2 36. hxg5 hxg5 37. Rf1 Nxf1 38. f8=Q+ Kxf8 39. Ng6+ Kg7 40. Ne5 d1=Q 41. Nf3 Nd2+ 42. Kg2 Qxf3+ 43. Kh2 Qg3+ 44. Kh1 Qh3+ 45. Kg1 Rg3+ 46. Kf2 Rg2# 0-1


[Site "https://www.chess.com"]

[Event "Titled Tuesday Blitz July 4 Early 2023"]
[White "Moral Garcia, Serafin"]
[Black "Vaglio Munoz, Jaime"]
[WhiteFideId "2201925"]
[BlackFideId "6500145"]
[WhiteElo "2585"]
[BlackElo "2306"]
[Result "1-0"]
[Round "3"]
[TimeControl "180+2"]
[Date "2023.07.04"]
[WhiteClock "0:00:37"]
[BlackClock "0:00:32"]
[Board "194"]

1. c4 c6 2. e4 a6 3. d4 b5 4. Nc3 b4 5. Nce2 a5 6. Ng3 d5 7. exd5 cxd5 8. c5 Nf6 9. Nf3 Bg4 10. h3 Bxf3 11. Qxf3 e6 12. Bb5+ Ke7 13. Bf4 Qc8 14. O-O Qb7 15. Ba4 Nc6 16. Qe3 h6 17. Nf5+ Kd8 18. Nd6 Bxd6 19. Bxd6 Ne8 20. Bg3 Rc8 21. f4 g6 22. Bh4+ Kc7 23. g4 Kb8 24. f5 h5 25. Bg3+ Ka8 26. fxe6 fxe6 27. Rad1 hxg4 28. hxg4 Qh7 29. Kf2 Rf8+ 30. Ke2 Rxf1 31. Rxf1 Qg7 32. Bxc6+ Rxc6 33. Be5 Qe7 34. Qh6 Qb7 35. Qxg6 Rc8 36. Rf8 Qb5+ 37. Qd3 Qc6 38. g5 Kb7 39. g6 Qd7 40. Rf7 Qxf7 41. gxf7 Nc7 42. Bxc7 Kxc7 43. Qb5 Rf8 44. Qxa5+ Kd7 45. Qa7+ Kc6 46. Qb6+ Kd7 47. Qd6+ Kc8 48. Qxf8+ 1-0


[Site "https://www.chess.com"]

[Event "Titled Tuesday Blitz July 4 Early 2023"]
[White "WindWhistler11"]
[Black "Sokolov, Andrei"]
[BlackFideId "11600306"]
[WhiteElo "2539"]
[BlackElo "2304"]
[Result "1-0"]
[Round "3"]
[TimeControl "180+2"]
[Date "2023.07.04"]
[WhiteClock "0:00:51"]
[BlackClock "0:00:00"]
[Board "195"]

1. Nf3 d5 2. g3 Nf6 3. c4 c6 4. Bg2 Bf5 5. O-O e6 6. b3 Bd6 7. Bb2 O-O 8. d3 Nbd7 9. Nbd2 Bg6 10. Qc2 Rc8 11. Nh4 e5 12. e4 d4 13. h3 Nh5 14. Nf5 Bc7 15. Ba3 Re8 16. b4 Qg5 17. Nf3 Qf6 18. N5h4 Qe6 19. Ng5 Qe7 20. Ngf3 Rf8 21. Qa4 Bd8 22. Qxa7 Qe6 23. b5 c5 24. Qxb7 Bxh4 25. Nxh4 f5 26. exf5 Bxf5 27. Bd5 Rb8 28. Qxd7 Qxd5 29. Qxd5+ Kh8 30. Bxc5 Bxh3 31. Bxf8 1-0


[Site "https://www.chess.com"]

[Event "Titled Tuesday Blitz July 4 Early 2023"]
[White "only_strong_moves"]
[Black "Acikel, Mert"]
[BlackFideId "12956465"]
[WhiteElo "2532"]
[BlackElo "2299"]
[Result "0-1"]
[Round "3"]
[TimeControl "180+2"]
[Date "2023.07.04"]
[WhiteClock "0:00:18"]
[BlackClock "0:00:19"]
[Board "196"]

1. g3 d5 2. Bg2 Nf6 3. c4 e6 4. Nf3 Be7 5. O-O O-O 6. d4 dxc4 7. Qc2 b5 8. a4 Bb7 9. axb5 a6 10. bxa6 Nxa6 11. Qxc4 Bd5 12. Qd3 Nb4 13. Rxa8 Qxa8 14. Qd1 c5 15. Nc3 Bc6 16. Be3 Rd8 17. Bf4 cxd4 18. Nb1 Be4 19. Nbd2 Bd5 20. Qa1 Bc5 21. Be5 Ng4 22. Bc7 Rc8 23. Bf4 Qb7 24. h3 Nf6 25. Qa5 Nd7 26. Qa4 e5 27. Nxe5 Nxe5 28. Bxe5 Bxg2 29. Rc1 Bc6 30. Qa5 Be7 31. Bxd4 h6 32. Qf5 Bd7 33. Rxc8+ Qxc8 34. Qf4 Bg5 35. Qe5 Bf6 36. Qd6 Qc1+ 37. Nf1 Bxh3 38. Qb8+ Kh7 39. Qb7 Qxf1+ 40. Kh2 Qg2+ 41. Qxg2 Bxg2 42. Kxg2 Bxd4 43. Kf3 Bxb2 44. Ke4 Kg6 45. f4 f5+ 46. Kf3 Nd5 47. e4 fxe4+ 48. Kxe4 Nxf4 49. Kf3 Nh5 50. g4 Nf6 51. Kf4 Nxg4 52. Kxg4 h5+ 53. Kf3 Bf6 54. Kg3 Kg5 55. Kg2 Kg4 56. Kh2 Be5+ 57. Kg1 Kf3 58. Kh1 g5 59. Kg1 g4 60. Kh1 g3 61. Kg1 Bd4+ 62. Kh1 g2+ 63. Kh2 g1=Q+ 64. Kh3 Qg3# 0-1


[Site "https://www.chess.com"]

[Event "Titled Tuesday Blitz July 4 Early 2023"]
[White "Castillo Sevilla, Ian Eiffel"]
[Black "Womacka, Mathias"]
[WhiteFideId "6104207"]
[BlackFideId "4611390"]
[WhiteElo "2295"]
[BlackElo "2522"]
[Result "1-0"]
[Round "3"]
[TimeControl "180+2"]
[Date "2023.07.04"]
[WhiteClock "0:00:10"]
[BlackClock "0:00:00"]
[Board "197"]

1. d4 Nf6 2. Bf4 c5 3. e3 e6 4. c3 d5 5. Nd2 Bd6 6. Bxd6 Qxd6 7. f4 cxd4 8. cxd4 O-O 9. Ngf3 b6 10. Ne5 Ba6 11. Bxa6 Nxa6 12. Qa4 Nb8 13. O-O Nbd7 14. Rfc1 a6 15. Rc6 Qb8 16. Rac1 b5 17. Qa5 Nxe5 18. fxe5 Ng4 19. Nf1 Qd8 20. Qxd8 Rfxd8 21. h3 Nh6 22. g4 Kf8 23. Nd2 Ng8 24. Nb3 Ne7 25. Rc7 Rdc8 26. Rxc8+ Rxc8 27. Rxc8+ Nxc8 28. Nc5 a5 29. Kf2 Ke7 30. Ke2 f6 31. exf6+ gxf6 32. Kd3 Nd6 33. b3 e5 34. a4 bxa4 35. bxa4 e4+ 36. Ke2 Nc4 37. Kf2 Kf7 38. Nb7 Kg6 39. Nc5 f5 40. Ne6 fxg4 41. hxg4 Nb2 42. Nf4+ Kg5 43. Nxd5 Nxa4 44. Kg3 Nb2 45. Nc3 a4 46. Nxe4+ Kg6 47. Nc3 a3 48. e4 Na4 49. Na2 Nb6 50. Kf4 Nc4 51. d5 1-0


[Site "https://www.chess.com"]

[Event "Titled Tuesday Blitz July 4 Early 2023"]
[White "Kuchava, Ana"]
[Black "Rangel, Daniel"]
[WhiteFideId "13605348"]
[BlackFideId "2124475"]
[WhiteElo "2285"]
[BlackElo "2507"]
[Result "0-1"]
[Round "3"]
[TimeControl "180+2"]
[Date "2023.07.04"]
[WhiteClock "0:00:03"]
[BlackClock "0:01:09"]
[Board "198"]

1. d4 Nf6 2. c4 e6 3. Nf3 d5 4. Nc3 Be7 5. Bf4 O-O 6. e3 a6 7. Bd3 dxc4 8. Bxc4 b5 9. Bd3 Bb7 10. O-O Nbd7 11. Rc1 c5 12. h3 h6 13. Qe2 Re8 14. Rfd1 Ra7 15. dxc5 Bxc5 16. Ne5 Qa8 17. f3 Bb6 18. Nxd7 Nxd7 19. Bxb5 axb5 20. Rxd7 e5 21. Bg3 Bxf3 22. Rxa7 Qxa7 23. Qxb5 Bxe3+ 24. Kh1 Rb8 25. Qf1 Bxc1 26. Qxc1 Ba8 27. Bxe5 Re8 28. Qf4 Qb7 29. Qg3 Rxe5 30. Kh2 Rg5 0-1


[Site "https://www.chess.com"]